 Dungeon Crawl Stone Soup version 0.19-a0-965-g50bf062 (webtiles) character file.

38606 TheGoonsmith the Basher (level 13, -5/98 HPs)
             Began as a Minotaur Berserker on July 11, 2016.
             Was a High Priest of Trog.
             Slain by a troll (7 damage)
             ... on level 2 of the Orcish Mines on July 12, 2016.
             The game lasted 00:38:11 (19191 turns).

TheGoonsmith the Basher (Minotaur Berserker)       Turns: 19191, Time: 00:38:11

Health: -5/98      AC: 29    Str: 28    XL:     13   Next: 64%
Magic:  13/13      EV: 13    Int:  4    God:    Trog [*****.]
Gold:   963        SH:  0    Dex: 15    Spells: 0 memorised, 12 levels left

rFire  . . .     SeeInvis .     a - +0 dire flail
rCold  . . .     Gourm    .     o - +0 plate armour
rNeg   . . .     Faith    .     (shield currently unavailable)
rPois  +         Spirit   .     (helmet unavailable)
rElec  .         Dismiss  .     M - +2 cloak
rCorr  .         Reflect  .     k - +1 pair of gloves
SustAt .         Harm     .     l - +1 pair of boots
MR     ++...                    (no amulet)
Stlth  ..........               x - ring of poison resistance
                                e - ring "Ledu" {AC+4 Str+4}

@: exhausted, regenerating, slowed, drained, very slow, very resistant to
hostile enchantments, extremely unstealthy
A: retaliatory headbutt, horns 3, rugged brown scales 1, blurry vision 1, frail
1, high mp 1, strong 1, MP-powered wands
a: Berserk, Trog's Hand, Brothers in Arms, Burn Spellbooks, Renounce Religion


You were on level 2 of the Orcish Mines.
You worshipped Trog.
Trog was extremely pleased with you.
You were very hungry.

You visited 3 branches of the dungeon, and saw 19 of its levels.
You also visited: Sewer.

You collected 1155 gold pieces.
You spent 192 gold pieces at shops.

Inventory:

Hand Weapons
 a - a +0 dire flail (weapon)
 b - a +0 longbow of flaming
 f - a +0 shortbow
 L - a +1 mace
 X - the +1 mace "Fiaript" {holy, rPois rC+++ Str-2 SInv}
   (You bought it in a shop on level 2 of the Orcish Mines)

   It has been blessed by the Shining One to cause great damage to the undead
   and demons.
   It affects your strength (-2).
   It renders you almost immune to cold.
   It protects you from poison.
   It lets you see invisible.
Missiles
 g - 420 arrows
Armour
 k - a +1 pair of gloves (worn)
 l - a +1 pair of boots (worn)
 o - a +0 plate armour (worn)
 M - a +2 cloak (worn)
 S - a +0 cloak
Jewellery
 e - the ring "Ledu" (left hand) {AC+4 Str+4}
   (You found it on level 10 of the Dungeon)

   [ring of protection]

   It affects your AC (+4).
   It affects your strength (+4).
 j - an uncursed ring of protection from fire {unknown}
 q - an uncursed amulet of faith {unknown}
 x - a ring of poison resistance (right hand)
 D - an uncursed amulet of guardian spirit {unknown}
 F - an uncursed ring of see invisible
Wands
 i - a wand of disintegration (13/24)
 H - a wand of acid (10/15)
 Q - a wand of acid (8/15)
 T - a wand of paralysis (10/24)
Scrolls
 h - 5 scrolls of magic mapping
 m - 5 scrolls of blinking
 n - a scroll of silence
 r - a scroll of identify
 y - 14 scrolls of teleportation
 G - 7 scrolls of remove curse
 J - 3 scrolls of enchant armour
 K - 3 scrolls of fear
 W - a scroll of enchant weapon
Potions
 s - a potion of ambrosia {unknown}
 t - 4 potions of flight
 u - 8 potions of curing
 v - 4 potions of haste
 w - a potion of berserk rage {unknown}
 A - a potion of resistance {unknown}
 C - a potion of magic {unknown}
 I - a potion of beneficial mutation {unknown}
 N - a potion of agility {unknown}
 P - a potion of heal wounds {unknown}
 R - 5 potions of lignification
 V - a potion of cancellation {unknown}
 Z - 2 potions of might {unknown}
Miscellaneous
 d - a phial of floods
 E - a crystal ball of energy
Comestibles
 c - 12 bread rations
 p - 3 beef jerkies
 z - 3 meat rations
 B - 4 fruits
 O - a slice of pizza
 U - 2 chunks of flesh


   Skills:
 - Level 7.6(6.8) Fighting
 - Level 14.8(13.9) Maces & Flails
 - Level 14.0(13.1) Bows
 - Level 13.7(12.8) Armour
 + Level 9.6(8.8) Dodging


You had 12 spell levels left.
You didn't know any spells.

Dungeon Overview and Level Annotations

Branches:
Dungeon (11/15)            Temple (0/1) D:6            Lair (6/6) D:11
  Swamp (0/4) Lair:3        Snake (0/4) Lair:4        Slime (0/5) Lair:5
    Orc (2/2) D:10
    Elf: Orc:2

Altars:
Dithmenos
Elyvilon
Pakellas
Qazlal
Trog
Beogh

Shops:
Orc:2 !(

Annotations:
Orc:2 Saint Roka


Innate Abilities, Weirdness & Mutations

You reflexively headbutt those who attack you in melee.
You have a pair of large horns on your head.
You are partially covered in rugged brown scales. (AC +1, +3% HP)
Scrolls take you a little longer to read.
You are frail. (-10% HP)
You have an increased reservoir of magic. (+10% MP)
Your muscles are strong. (Str +2)
You expend magic power (3 MP) to strengthen your wands.


Message History

The troll shouts!
An ogre comes into view. It is wielding a giant club.
The ogre shouts!
You hear a shout!
The troll bites you but does no damage. The troll claws you.
* * * LOW HITPOINT WARNING * * *
The troll claws you!
* * * LOW HITPOINT WARNING * * *
Found 13 gold pieces.
Okay, then.
Evoke which item? (* to show all) (? for menu, Esc to quit)
Okay, then.
Your skin crawls.
You feel resistant to hostile enchantments.
You feel somewhat more hungry. The troll closely misses you.
You furiously retaliate!
You headbutt the troll!! The troll barely misses you.
The troll closely misses you. The troll bites you!
* * * LOW HITPOINT WARNING * * *
The troll claws you!
You die...

#.......))'.#
#....)#...
###.....#####
#.....#... ###...#
############... #####
#...##.........
###............ ##
#..........).
##.###..........).
####...###...<......#
##...@#..##........###
#....OT...#.......####
#.$.......###......##.#
#..........##.....##.^#
#..........###...#...#.
##.##.......###.....###
## .........##.....##
#..........##.....##
##.#........#......#


You could see a troll and an ogre.

Vanquished Creatures
  An orc warlord (Orc:2)
  The ghost of Kaishin the Grappler, a journeyman DrTm of Gozag (Lair:3)
  The ghost of tijit the Spear-Bearer, a journeyman SpCK of Xom (Lair:3)
  3 hydras
  The ghost of Kaishin the Grappler, a novice DrTm of Gozag (Lair:1)
  4 orc knights (Orc:2)
  3 orc sorcerers (Orc:2)
  A griffon (Lair:3)
  An oklob plant (Lair:5)
  4 elephants
  4 black mambas
  10 spiny frogs
  A komodo dragon (Lair:4)
  2 rime drakes
  A kobold demonologist (D:11)
  2 polar bears
  2 trolls
  4 two-headed ogres
  7 blink frogs
  2 spriggans
  A vampire (D:9)
  A shadow (D:11)
  3 wyverns
  An air elemental (D:11)
  17 yaks
  A basilisk (Lair:3)
  A fire elemental (D:11)
  8 hippogriffs
  Menkaure (D:4)
  6 vampire mosquitoes (Lair:3)
  6 wargs
  13 water moccasins
  9 porcupines
  16 ogres
  24 orc warriors
  5 ice beasts
  A wasp (D:9)
  2 sky beasts
  A necrophage (D:7)
  5 wolves (Lair:5)
  5 centaurs
  8 crocodiles
  2 big kobolds
  12 giant frogs
  An earth elemental (D:11)
  3 scorpions
  5 killer bees (D:10)
  2 electric eels
  A howler monkey (D:9)
  6 crimson imps
  2 giant frog zombies
  A quasit (D:5)
  4 hounds
  6 jellies
  20 orc priests
  4 centaur skeletons
  19 orc wizards
  Jessica (D:2)
  11 iguanas
  7 worker ants
  8 sheep
  A killer bee zombie (D:5)
  2 hound zombies
  A worker ant zombie (D:7)
  A howler monkey zombie (D:5)
  A howler monkey skeleton (D:8)
  17 adders
  4 gnolls (D:5)
  42 river rats
  3 shadow imps
  5 oozes
  5 worms
  3 dart slugs
  4 giant geckos
  80 orcs
  3 ball pythons
  4 bats
  5 giant cockroaches
  9 goblins
  6 hobgoblins
  5 jackals
  A quokka (D:9)
  A giant gecko skeleton (D:8)
  A giant gecko zombie (D:8)
  4 giant newts
  2 jackal skeletons (D:4)
  15 kobolds
  A quokka skeleton (D:4)
  A quokka zombie (D:7)
  10 rats
542 creatures vanquished.

Vanquished Creatures (collateral kills)
  3 elephants (Lair:2)
  6 yaks (Lair:3)
  A water elemental (D:11)
  3 orc warriors (Orc:2)
  A centaur (D:11)
  2 orc priests (Orc:2)
  An orc (Orc:2)
17 creatures vanquished.

Vanquished Creatures (others)
  An orc (D:7)
  5 fungi
  2 plants (Lair:4)
8 creatures vanquished.

Grand Total: 567 creatures vanquished

Notes
Turn   | Place    | Note
-------+----------+-------------------------------------------
     0 | D:1      | TheGoonsmith the Minotaur Berserker began the quest for the Orb.
     0 | D:1      | Reached XP level 1. HP: 19/19 MP: 0/0
   104 | D:1      | Reached XP level 2. HP: 27/27 MP: 1/1
   545 | D:1      | Reached ** piety under Trog
  1140 | D:2      | Reached XP level 3. HP: 27/33 MP: 2/2
  1153 | D:2      | Noticed Jessica
  1156 | D:2      | Killed Jessica
  1156 | D:2      | Reached skill level 5 in Maces & Flails
  1246 | D:2      | Reached XP level 4. HP: 38/41 MP: 3/3
  1584 | D:2      | Found a faded altar of an unknown god.
  2335 | D:3      | Reached *** piety under Trog
  2395 | D:3      | Reached XP level 5. HP: 47/47 MP: 4/4
  2484 | D:4      | Noticed Menkaure
  2490 | D:4      | Killed Menkaure
  2490 | D:4      | Reached skill level 5 in Fighting
  2490 | D:4      | Reached XP level 6. HP: 50/56 MP: 5/5
  2739 | D:4      | Found a stormy altar of Qazlal.
  3230 | D:5      | Entered Level 5 of the Dungeon
  3324 | D:5      | Found a white marble altar of Elyvilon.
  3438 | D:5      | Reached XP level 7. HP: 61/61 MP: 6/6
  3551 | D:5      | Found a glowing drain.
  3555 | Sewer    | Entered a sewer
  3924 | Sewer    | Reached **** piety under Trog
  4336 | D:5      | Reached skill level 10 in Maces & Flails
  4915 | D:6      | Reached XP level 8. HP: 68/68 MP: 7/7
  4941 | D:6      | Reached skill level 5 in Armour
  5371 | D:6      | Found a staircase to the Ecumenical Temple.
  6076 | D:7      | Reached skill level 5 in Dodging
  6224 | D:7      | Reached XP level 9. HP: 65/73 MP: 8/8
  6373 | D:7      | Received a gift from Trog
  6401 | D:7      | Found a shadowy altar of Dithmenos.
  6975 | D:8      | Reached ***** piety under Trog
  7051 | D:8      | Received a gift from Trog
  7259 | D:7      | Upgraded the game from 0.19-a0-958-gd69d43c to 0.19-a0-965-g50bf062
  7293 | D:8      | Gained mutation: You have an increased reservoir of magic. (+10% MP) [potion of mutation]
  7293 | D:8      | Gained mutation: You have a pair of large horns on your head. [potion of mutation]
  7293 | D:8      | Gained mutation: You are frail. (-10% HP) [potion of mutation]
  7294 | D:8      | Gained mutation: Your muscles are strong. (Str +2) [potion of mutation]
  7294 | D:8      | Gained mutation: Scrolls take you a little longer to read. [potion of mutation]
  7294 | D:8      | Gained mutation: You expend magic power (3 MP) to strengthen your wands. [potion of mutation]
  8260 | D:9      | Reached skill level 1 in Bows
  8283 | D:9      | Noticed a troll
  8302 | D:9      | Killed a troll
  8388 | D:9      | Reached XP level 10. HP: 65/77 MP: 10/10
  8645 | D:9      | Reached skill level 5 in Bows
  8883 | D:9      | Found a bloodstained altar of Trog.
  9280 | D:10     | Entered Level 10 of the Dungeon
  9495 | D:10     | Found a staircase to the Orcish Mines.
  9780 | D:10     | Got a heavily runed bronze ring
  9791 | D:10     | Identified the ring "Ledu" {AC+4 Str+4} (You found it on level 10 of the Dungeon)
 10358 | D:11     | Found a staircase to the Lair.
 10376 | D:11     | Received a gift from Trog
 10514 | D:11     | Gained mutation: You are partially covered in rugged brown scales. (AC +1, +3% HP) [potion of mutation]
 10591 | D:11     | Found a large runed door.
 10591 | D:11     | Found a large runed door.
 10610 | D:11     | Received a gift from Trog
 10855 | D:11     | Reached XP level 11. HP: 30/85 MP: 11/11
 11219 | Lair:1   | Entered Level 1 of the Lair of Beasts
 11408 | Lair:1   | Noticed Kaishin's ghost (novice DrTm)
 11430 | Lair:1   | Killed Kaishin's ghost
 12525 | Lair:2   | Reached skill level 10 in Bows
 13796 | Lair:3   | Noticed Kaishin's ghost (journeyman DrTm)
 13813 | Lair:3   | Killed Kaishin's ghost
 13813 | Lair:3   | Reached XP level 12. HP: 93/93 MP: 12/12
 13880 | Lair:3   | Noticed a five-headed hydra
 13881 | Lair:3   | Noticed tijit's ghost (journeyman SpCK)
 13886 | Lair:3   | Killed a five-headed hydra
 13917 | Lair:3   | Killed tijit's ghost
 13973 | Lair:3   | Received a gift from Trog
 14421 | Lair:3   | Received a gift from Trog
 14552 | Lair:3   | Found a staircase to the Swamp.
 14800 | Lair:3   | Noticed a six-headed hydra
 14806 | Lair:3   | Killed a six-headed hydra
 14806 | Lair:3   | Reached skill level 10 in Armour
 15079 | Lair:4   | Received a gift from Trog
 15231 | Lair:4   | Found a staircase to the Snake Pit.
 15529 | Lair:4   | Noticed a six-headed hydra
 15533 | Lair:4   | Killed a six-headed hydra
 16080 | Lair:5   | Found a staircase to the Slime Pits.
 16283 | Lair:5   | Reached XP level 13. HP: 93/98 MP: 13/13
 16417 | Lair:5   | You fall through a shaft!
 16417 | Lair:6   | Entered Level 6 of the Lair of Beasts
 16426 | Lair:6   | Found an oddly glowing altar of Pakellas.
 16532 | Lair:5   | Received a gift from Trog
 17520 | Orc:1    | Entered Level 1 of the Orcish Mines
 17659 | Orc:2    | Entered Level 2 of the Orcish Mines
 18224 | Orc:2    | Noticed an orc warlord
 18236 | Orc:2    | Killed an orc warlord
 18288 | Orc:2    | Received a gift from Trog
 18486 | Orc:2    | Received a gift from Trog
 18560 | Orc:2    | Found a roughly hewn altar of Beogh.
 18565 | Orc:2    | Received a gift from Trog
 18867 | Orc:2    | Found Niunn's Distillery.
 18892 | Orc:2    | Reached ****** piety under Trog
 18946 | Orc:2    | Found Ulosenk's Antique Weapon Shoppe.
 19032 | Orc:2    | Bought a warped mace for 192 gold pieces
 19034 | Orc:2    | Identified the +1 mace "Fiaript" {holy, rPois rC+++ Str-2 SInv} (You bought it in a shop on level 2 of the Orcish Mines)
 19175 | Orc:2    | Noticed Saint Roka
 19191 | Orc:2    | HP: 2/98 [troll (13)]
 19191 | Orc:2    | Slain by a troll

Vault maps used:
D:1:      saegor_arrival_simple_e, minmay_misc_feat_five
D:2:      minmay_door_path, ecumenical_altar_2, uniq_jessica
D:4:      first_bread, hex_tiny, nicolae_qazlal_eye_of_the_storm, uniq_menkaure
D:5:      gup_sewer_entry_bowl, basic_altar, nrook_loot_triangle,
          minmay_misc_feat_four_crosses, kennysheep_generic_room_4
D:7:      nicolae_dithmenos_through_a_glass_darkly
D:8:      the_bakery
D:9:      lemuel_coloured_pillars_altar, minmay_misc_feat_encased
D:10:     david_orc_1_choice
D:11:     erik_lair_orcish_takeover, lightli_elemental_guards
Lair:1:   infiniplex_staircase_pool, serial_bayou_shore_b, grunt_megastairs_2
Lair:2:   st_stairs_9, serial_bayou_shore_b
Lair:3:   minmay_swamp_entry_swarm, grunt_megastairs_4
Lair:4:   minmay_snake_entry_six_corridors, serial_bayou_lagoon_b,
          lemuel_fruit_tree
Lair:5:   nicolae_slime_entry_slimehenge, grunt_forest_large_clearing_hut
Lair:6:   grunt_lair_end_beastmaster, basic_altar, grunt_megastairs_5
Orc:1:    nicolae_orc_bridge_out
Orc:2:    pubby_orc_utopia
Sewer:    sewer_co_15_rooms

Skill      XL: |  1  2  3  4  5  6  7  8  9 10 11 12 13 |
---------------+----------------------------------------+-----
Maces & Flails | 4 5 6 7 8 10 12 13 14 | 14.8
Fighting       | 4 5 7 |  7.6
Armour         | 4 8 12 13 | 13.7
Dodging        | 5 9 |  9.6
Bows           | 3 9 12 14 | 14.0

Action                   |  1- 3 |  4- 6 |  7- 9 | 10-12 | 13-15 || total
-------------------------+-------+-------+-------+-------+-------++-------
Melee: Mace              |    44 |   112 |   333 |   130 |       ||   619
       Headbutt          |     7 |    19 |    86 |   171 |   104 ||   387
       Whip              |       |       |    91 |       |       ||    91
       Dire flail        |       |       |       |   565 |   352 ||   917
 Fire: Shortbow          |       |       |    40 |   111 |    63 ||   214
       Longbow           |       |       |       |       |     6 ||     6
Throw: Stone             |       |     4 |    12 |       |       ||    16
       Javelin           |       |       |     2 |       |       ||     2
Invok: Berserk           |     1 |     3 |     2 |    11 |     2 ||    19
       Trog's Hand       |       |     2 |     2 |     5 |     2 ||    11
       Burn Spellbooks   |       |       |     3 |     2 |       ||     5
       Brothers in Arms  |       |       |       |     5 |     1 ||     6
  Use: Scroll            |       |     8 |     5 |     6 |     2 ||    21
       Potion            |       |       |     3 |     1 |       ||     4
  Eat: Chunk             |     2 |     5 |    19 |    22 |    11 ||    59
       Bread ration      |       |     1 |       |     1 |       ||     2
       Fruit             |       |       |     1 |     5 |       ||     6
       Meat ration       |       |       |       |     1 |       ||     1
       Royal jelly       |       |       |       |     1 |       ||     1
       Pizza             |       |       |       |     1 |       ||     1
       Beef jerky        |       |       |       |     1 |       ||     1
Armor: Animal skin       |     6 |       |       |       |       ||     6
       Plate armour      |    12 |    70 |   280 |   400 |   141 ||   903
Dodge: Dodged            |    18 |    34 |   175 |   310 |   136 ||   673
